 Dungeon Crawl Stone Soup version 0.31.0-7-gf635a9b802 (webtiles) character file.

Game seed: 3759396728078916676

93 Arcadio the Sneak (level 4, -5/28 HPs)
             Began as a Kobold Brigand on Jan 23, 2024.
             Killed by psychic fangs
             ... invoked by a brain worm
              (6 damage)
             ... in a sewer.
             The game lasted 00:08:05 (2422 turns).

Arcadio the Sneak (Kobold Brigand)                  Turns: 2422, Time: 00:08:06

Health: -5/28      AC:  3    Str:  8    XL:     4   Next: 92%
Magic:  5/13       EV: 16    Int: 12    God:
Gold:   1391       SH:  0    Dex: 18    Spells: 2/3 levels left

rFire   . . .        a - +2 dagger
rCold   . . .        (no shield)
rNeg    . . .        b - +0 robe
rPois   +            (no helmet)
rElec   .            c - +0 cloak
rCorr   .            (no gloves)
SInv    .            (no boots)
Will    .....        k - amulet "Homoto" {Faith Rampage ^Fragile rPois Stlth+}
Stlth   +++++        f - ring of magical power
HPRegen 0.24/turn    y - ring of flight
MPRegen 0.13/turn

%: rampage, faith
@: flying, studying Dodging
A: small, no large weapons, nightstalker 3
a: no special abilities


You were in a sewer.
You visited 1 branch of the dungeon, and saw 3 of its levels.
You also visited: Sewer.

You collected 1391 gold pieces.

Inventory:

Hand Weapons
 a - a +2 dagger (weapon)
 x - a +0 rapier
Missiles
 d - 11 poisoned darts (quivered)
 e - 3 curare-tipped darts
 m - 3 darts of dispersal
Armour
 b - a +0 robe (worn)
 c - a +0 cloak (worn)
 B - the +3 leather armour of Inquiry {Harm *Slow rCorr Int+2}
   (You found it on level 3 of the Dungeon)

   Int+2:     It affects your intelligence (+2).
   rCorr:     It protects you from acid and corrosion.
   *Slow:     It may slow you when you take damage.
   Harm:      It increases damage dealt and taken.
Jewellery
 f - a ring of magical power (left hand)
 k - the amulet "Homoto" (around neck) {Faith Rampage ^Fragile rPois Stlth+}
   (You acquired it on level 3 of the Dungeon)

   [amulet of faith]

   Faith:     It allows you to gain divine favour quickly.
   rPois:     It protects you from poison ^Fragile: It will be destroyed if
   unequipped.
   Rampage:   It bestows one free step when moving towards enemies.
   Stlth+:    It makes you more stealthy.
 u - an amulet of magic regeneration
 y - a ring of flight (right hand)
Scrolls
 g - a scroll of enchant weapon {unknown}
 i - a scroll of fear {unknown}
 j - 2 scrolls of revelation {unknown}
 l - a scroll of torment {unknown}
 o - 2 scrolls of teleportation {unknown}
 p - a scroll of noise {unknown}
 r - 3 scrolls of identify {unknown}
 s - a scroll of poison {unknown}
 t - a scroll of fog {unknown}
 v - a scroll of enchant armour {unknown}
 w - a scroll of blinking {unknown}
 A - a scroll of amnesia {unknown}
Potions
 h - 4 potions of enlightenment {unknown}
 n - a potion of magic {unknown}
 q - a potion of degeneration {unknown}
 z - a potion of curing {unknown}


   Skills:
 + Level 3.5 Fighting
 - Level 2.6 Short Blades
 - Level 2.1 Throwing
 + Level 3.4 Dodging
 + Level 6.3 Stealth


You had 2 spell levels left.
You knew the following spells:

 Your Spells              Type           Power      Damage    Failure   Level
a - Sting                 Conj/Alch      0%         1d3       32%         1

Your spell library contained the following spells:

 Spells                   Type           Power      Damage    Failure   Level
 Mercury Vapours          Alch/Air       0%         N/A       45%         2
 Olgreb's Toxic Radiance  Alch           0%         N/A       97%         4


Dungeon Overview and Level Annotations

Branches:
Dungeon (3/15)              Sewer (1/1)

Altars:
Hepliaklqana
Yredelemnul

Shops:
D:2 :


Innate Abilities, Weirdness & Mutations

You are small and have problems with some larger weapons.
You are completely attuned to the shadows.


Message History

You hit the brain worm.
The brain worm is moderately wounded.
You hit the brain worm.
The brain worm is moderately wounded.
The brain worm's throbbing head pulsates.
Something gnaws on your mind!
You feel your power leaking away.
You hit the brain worm but do no damage.
The brain worm is moderately wounded.
The brain worm misses you.
You barely miss the brain worm.
The brain worm is moderately wounded.
The brain worm barely misses you.
You hit the brain worm.
The brain worm is heavily wounded.
The brain worm looks more healthy.
The brain worm's throbbing head pulsates.
Something gnaws on your mind!
You feel your power leaking away.
You hit the brain worm.
The brain worm is severely wounded.
The brain worm misses you.
You hit the brain worm.
The brain worm is severely wounded.
The brain worm's bulging head throbs.
Something gnaws on your mind!
You feel your power leaking away.
You barely miss the brain worm.
The brain worm is heavily wounded.
The brain worm's bulging head throbs.
Something gnaws on your mind!
* * * LOW HITPOINT WARNING * * *
You feel your power leaking away.
Okay, then.
The brain worm attacks as it pursues you!
The brain worm bites you.
* * * LOW HITPOINT WARNING * * *
The brain worm's bulging head throbs.
Something gnaws on your mind!
You die...

#≈≈≈≈≈≈≈≈≈≈≈≈≈ ≈≈≈≈≈ ~PP~
.~≈≈≈≈≈ ~~.~P~ ~..~~≈≈≈≈≈
...PP##########..~.~≈≈≈≈≈
~!~..~≈≈≈≈≈≈≈≈~..~~≈≈≈≈≈≈
~~~..≈≈≈≈≈≈≈≈≈≈≈≈≈≈≈≈≈≈≈≈
.~.)w≈≈≈≈≈≈≈≈≈≈≈≈≈≈≈≈≈≈##
...#≈≈≈≈@≈≈#≈≈≈≈≈≈≈≈#≈##
## ####≈#####≈#####≈###
### ### ###


You could see a brain worm.

Vanquished Creatures
  An adder (D:3)
  A river rat (Sewer)
  3 ribbon worms (D:2)
  A dart slug (D:1)
  An orc (D:3)
  7 ball pythons
  4 endoplasms
  4 giant cockroaches (D:3)
  3 goblins
  3 hobgoblins
  4 jackals (D:1)
  7 quokkas
  8 bats (D:1)
  3 frilled lizards
  3 kobolds
  7 rats
60 creatures vanquished.

Notes
Turn   | Place    | Note
-------+----------+-------------------------------------------
     0 | D:1      | Arcadio the Kobold Brigand began the quest for the Orb.
     0 | D:1      | Reached XP level 1. HP: 12/12 MP: 1/1
   193 | D:1      | Reached XP level 2. HP: 15/18 MP: 2/2
   430 | D:1      | Reached XP level 3. HP: 22/22 MP: 3/3
   996 | D:2      | Found Ofad Loir's Book Shop.
  1062 | D:2      | Reached skill level 6 in Stealth
  1168 | D:2      | Reached XP level 4. HP: 7/28 MP: 4/4
  1606 | D:2      | Found a hazy altar of Hepliaklqana.
  1925 | D:3      | Identified 3 scrolls of acquirement
  1925 | D:3      | Acquired 1231 gold pieces
  1939 | D:3      | Acquired a manual of Dodging
  1945 | D:3      | Learned a level 1 spell: Sting
  1952 | D:3      | Acquired the amulet "Homoto" {Faith Rampage ^Fragile rPois
                  | Stlth+}
  2086 | D:3      | Found a basalt altar of Yredelemnul.
  2219 | D:3      | Identified the +3 leather armour of Inquiry {Harm *Slow
                  | rCorr Int+2}
  2304 | D:3      | Found a glowing drain.
  2313 | Sewer    | Entered a sewer
  2405 | Sewer    | Noticed a brain worm
  2419 | Sewer    | HP: 1/28 [brain worm (2)]
  2422 | Sewer    | Killed from afar by a brain worm

Illustrated notes

Levels and vault maps discovered:
D:1:      lightli_iron_boxes, layout_basic, st_stairs_3
D:2:      layout_loops_ring, basic_altar, serial_shops, shop,
          kennysheep_big_empty_room
D:3:      minmay_chambers_of_twos, layout_loops_ring,
          mainiacjoe_overflow_cross_hatched, gup_sewer_entry_pipe,
          shapermc_ecumenical_altar_rom_forum
Sewer:    sewer_co_scattered_pipes

Skill      XL: |  1  2  3  4 |
---------------+-------------+-----
Dodging        | 2 3 |  3.4
Fighting       | 3 |  3.5
Stealth        | 6 |  6.3
Short Blades   | |  2.6
Throwing       | |  2.1

Action                     |  1- 3 |  4- 6 || total
---------------------------+-------+-------++-------
  Melee: Dagger            |   101 |    39 ||   140
         Punch             |     1 |       ||     1
   Cast: Sting             |       |     1 ||     1
    Use: Scroll            |       |     3 ||     3
   Stab: Sleeping          |    14 |    18 ||    32
         Distracted        |       |     1 ||     1
 Armour: Robe              |    29 |     5 ||    34
  Dodge: Dodged            |    68 |    12 ||    80
